 Dungeon Crawl Stone Soup version 0.29-a0-296-gda187f2e07 (webtiles) character file.

Game seed: 958172993877817262

746 Imaybeofimportance the Chopper (level 7, -6/62 HPs)
             Began as a Hill Orc Fighter on Mar 19, 2022.
             Was a Believer of Cheibriados.
             Mangled by a yak (8 damage)
             ... on level 4 of the Dungeon.
             The game lasted 00:22:41 (4635 turns).

Imaybeofimportance the Chopper (Hill Orc Fighter)   Turns: 4635, Time: 00:22:42

Health: -6/62      AC: 11    Str: 26    XL:     7   Next: 77%
Magic:  6/7        EV: 10    Int: 13    God:    Cheibriados [**....]
Gold:   158        SH:  5    Dex: 15    Spells: 6/6 levels left

rFire   . . .      SeeInvis +   a - +1 war axe
rCold   . . .      Faith    .   c - +0 buckler
rNeg    . . .      Spirit   .   b - +0 scale mail
rPois   .          Reflect  .   (no helmet)
rElec   .          Harm     .   (no cloak)
rCorr   .          Rampage  .   (no gloves)
Will    .....                   (no boots)
Stlth   ..........              (no amulet)
HPRegen 0.20/turn               r - +4 ring of protection
MPRegen 0.10/turn               s - ring of see invisible

@: very slow
A: no striking features
a: Renounce Religion, Bend Time


You were on level 4 of the Dungeon.
You worshipped Cheibriados.
Cheibriados was pleased with you.
You visited 1 branch of the dungeon, and saw 4 of its levels.

You collected 223 gold pieces.
You spent 65 gold pieces at shops.

Inventory:

Hand Weapons
 a - a +1 war axe (weapon)
Missiles
 e - 164 stones (quivered)
 t - a throwing net
Armour
 b - a +0 scale mail (worn)
 c - a +0 buckler (worn)
Jewellery
 r - a +4 ring of protection (left hand)
 s - a ring of see invisible (right hand)
Scrolls
 i - 2 scrolls of summoning
 p - 2 scrolls of magic mapping
Potions
 f - 2 potions of haste
 g - a potion of brilliance {unknown}
 h - 4 potions of curing
 j - 2 potions of degeneration {unknown}
 m - a potion of resistance {unknown}
 n - 2 potions of flight {unknown}
 o - 2 potions of magic {unknown}
 q - a potion of ambrosia {unknown}
 u - 2 potions of mutation {unknown}


   Skills:
 + Level 5.6 Fighting
 + Level 7.1 Axes
 + Level 0.3 Throwing
 + Level 5.5 Armour
 + Level 1.4 Dodging
 + Level 0.4 Stealth
 + Level 4.2 Shields
 + Level 0.1 Invocations


You had 6 spell levels left.
You didn't know any spells.
Your spell library contained the following spells:

 Spells                   Type           Power      Damage    Failure   Level
 Sandblast                Erth           0%         2d4       65%         1
 Slow                     Hex            0%         N/A       65%         1
 Passwall                 Tmut/Erth      0%         N/A       78%         2
 Confusing Touch          Hex            0%         N/A       95%         3
 Stone Arrow              Conj/Erth      0%         3d7       95%         3
 Vampiric Draining        Necr           0%         2d6       95%         3
 Animate Dead             Necr           0%         N/A       100%        4
 Haunt                    Necr/Summ      0%         N/A       100%        7
 Infestation              Necr           0%         N/A       100%        8


Dungeon Overview and Level Annotations

Branches:
Dungeon (4/15)
 Temple: D:4-7

Altars:
Cheibriados
Wu Jian

Shops:
D:2 *


Message History

You block the yak's attack. The flow of time bends around you.
The yak resists with some effort.
You barely miss the yak.
The yak is severely wounded.
You barely miss the yak. The yak gores you. You block the yak's attack.
The yak closely misses you. x2
You barely miss the yak.
The yak is severely wounded.
You barely miss the yak. The yak barely misses you. The yak gores you.
You hit the yak.
The yak is severely wounded.
You hit the yak but do no damage. The yak barely misses you.
The yak gores you but does no damage.
You hit the yak.
The yak is severely wounded.
You hit the yak but do no damage. The yak gores you.
The yak gores you but does no damage.
You slash the yak!
You kill the yak!
Cheibriados appreciates the change of pace.
You barely miss the yak. The yak gores you but does no damage.
Your Axes skill increases to level 7!
You barely miss the yak. The yak closely misses you.
You block the yak's attack.
You completely miss the yak. You block the yak's attack.
You closely miss the yak. The yak gores you.
The yak gores you but does no damage. The yak gores you!
* * * LOW HITPOINT WARNING * * *
The yak gores you but does no damage. The yak attacks as you move away!
The yak barely misses you. You block the yak's attack.
The yak attacks as you move away! The yak gores you!
* * * LOW HITPOINT WARNING * * *
The yak attacks as you move away! The yak gores you.
* * * LOW HITPOINT WARNING * * *
The yak barely misses you. You block the yak's attack.
The yak attacks as you move away! The yak misses you.
The yak closely misses you. x2
The yak gores you!
You die...

##.#...?.###.........###
....#......Y.........(..
##.###...###.......((#
#..#..#.# #.....(.#
#.#..##.# ##.....##
#.....)Y# ##...##
####.#### ##'## #.#
#.######## #.#
##@#......# #.#
#####YY.......# #.#
#........####.# #Y#
#........# #.#
#...........
#.#####......#.###
#......†....##.#
###########.##.. #......


You could see 2 yaks.

Vanquished Creatures
  2 yaks (D:4)
  Menkaure (D:4)
  An ogre (D:4)
  A jelly (D:4)
  2 hounds (D:4)
  An iguana (D:3)
  6 adders
  3 worms
  2 dart slugs (D:1)
  5 bats
  10 endoplasms
  4 giant cockroaches
  3 goblins
  7 hobgoblins
  11 jackals
  2 quokkas
  12 ball pythons
  7 frilled lizards
  5 kobolds
  A rat (D:2)
86 creatures vanquished.

Vanquished Creatures (others)
  12 fungi (D:1)
12 creatures vanquished.

Grand Total: 98 creatures vanquished

Notes
Turn   | Place    | Note
-------+----------+-------------------------------------------
     0 | D:1      | Imaybeofimportance the Hill Orc Fighter began the quest for
                  | the Orb.
     0 | D:1      | Reached XP level 1. HP: 19/19 MP: 1/1
   414 | D:1      | Reached XP level 2. HP: 27/27 MP: 2/2
   691 | D:1      | Reached skill level 3 in Axes
   806 | D:1      | Reached XP level 3. HP: 28/33 MP: 3/3
  1177 | D:2      | Found Poasucud's General Store.
  1198 | D:2      | Bought a potion of heal wounds for 65 gold pieces
  1670 | D:2      | Reached XP level 4. HP: 17/41 MP: 4/4
  1924 | D:2      | Reached skill level 4 in Axes
  2106 | D:3      | Found a faded altar of an unknown god.
  2120 | D:3      | Prayed at the altar of an unknown god.
  2120 | D:3      | Became a worshipper of Cheibriados the Contemplative
  2120 | D:3      | Reached * piety under Cheibriados
  2565 | D:3      | Reached ** piety under Cheibriados
  2591 | D:3      | Found an ornate altar of the Wu Jian Council.
  2789 | D:3      | Reached XP level 5. HP: 43/47 MP: 5/5
  3125 | D:4      | Noticed Menkaure
  3370 | D:4      | Reached skill level 5 in Fighting
  3370 | D:4      | Reached skill level 5 in Axes
  3786 | D:4      | Noticed a yak
  3786 | D:4      | Noticed a yak
  3786 | D:4      | Noticed a yak
  3786 | D:4      | Noticed a yak
  3796 | D:4      | Noticed an ogre
  3919 | D:4      | Reached XP level 6. HP: 41/56 MP: 6/6
  4237 | D:4      | Reached skill level 1 in Dodging
  4320 | D:4      | Killed Menkaure
  4321 | D:4      | Reached skill level 6 in Axes
  4321 | D:4      | Reached skill level 5 in Armour
  4321 | D:4      | Reached XP level 7. HP: 61/61 MP: 7/7
  4593 | D:4      | Killed a yak
  4625 | D:4      | Killed a yak
  4626 | D:4      | Reached skill level 7 in Axes
  4631 | D:4      | HP: 1/62 [yak (6)]
  4635 | D:4      | Mangled by a yak

Illustrated notes

Levels and vault maps discovered:
D:1:      dpeg_arrival_circle_labyrinth_c, layout_loops_ring, serial_glass,
          glass_columns_c, glass_columns_a, dreamdust_mushroom_princess
D:2:      layout_basic, serial_shops, shop
D:3:      layout_basic, lemuel_tele_altar, nicolae_ecumenical_pavilion
D:4:      layout_loops_corners, uniq_menkaure, uniq_natasha

Skill      XL: |  1  2  3  4  5  6  7 |
---------------+----------------------+-----
Fighting       | 4 5 |  5.6
Axes           | 3 4 5 6 7 |  7.1
Armour         | 4 5 |  5.5
Dodging        | 1 |  1.4
Shields        | 4 |  4.2
Throwing       | |  0.3
Stealth        | |  0.4
Invocations    | |  0.1

Action                   |  1- 3 |  4- 6 |  7- 9 || total
-------------------------+-------+-------+-------++-------
Melee: War axe           |   130 |   123 |    25 ||   278
Throw: Stone             |    12 |     5 |       ||    17
Invok: Bend Time         |       |       |     1 ||     1
  Use: Scroll            |     8 |     5 |     1 ||    14
       Potion            |       |     1 |     2 ||     3
Armor: Scale mail        |    73 |    82 |    24 ||   179
Dodge: Dodged            |    61 |    77 |    29 ||   167
Block: Buckler           |    33 |    43 |    13 ||    89

Table legend: (Time is in decaauts)
 A = Elapsed time spent in this place.
 B = Non-inter-level travel time spent in this place.
 C = Inter-level travel time spent in this place.
 D = Time resting spent in this place.
 E = Time spent auto-exploring this place.
 F = Levels seen in this place.
 G = Mean time per level.
                   A        B        C        D        E       F      G
               +--------+--------+--------+--------+--------+-----+--------+
         Total |   5530 |   4985 |    545 |    768 |      0 |   4 | 1382.5 |
       Dungeon |   5530 |   4985 |    545 |    768 |      0 |   4 | 1382.5 |
               +--------+--------+--------+--------+--------+-----+--------+

Top non-repeatable levels by time:
     D:3: 1842 daAuts
     D:4: 1528 daAuts
     D:1: 1161 daAuts
     D:2: 997 daAuts
